 Dungeon Crawl Stone Soup version 0.28-a0-8-g6e044cfa68 (webtiles) character file.

Game seed: 16311681199623796432

359 Sin92 the Skirmisher (level 6, 0/48 HPs)
             Began as a Demonspawn Fighter on July 24, 2021.
             Slain by an orc (3 damage)
             ... on level 4 of the Dungeon.
             The game lasted 00:02:45 (3741 turns).

Sin92 the Skirmisher (Demonspawn Fighter)           Turns: 3741, Time: 00:02:45

Health: 0/48       AC:  7    Str: 16    XL:     6   Next: 37%
Magic:  6/6        EV:  8    Int:  9    God:
Gold:   90         SH:  9    Dex: 15    Spells: 5/5 levels left

rFire   . . .      SeeInvis .   a - +0 war axe
rCold   . . .      Faith    +   c - +0 kite shield
rNeg    . . .      Spirit   .   b - +0 scale mail
rPois   .          Reflect  .   (helmet restricted)
rElec   .          Harm     .   (no cloak)
rCorr   .          Rampage  .   (no gloves)
Will    .....                   (no boots)
Stlth   ..........              l - amulet of faith
HPRegen 0.16/turn               (no ring)
MPRegen 0.20/turn               (no ring)

@: no status effects
A: antennae 2, magic regeneration
a: no special abilities


You were on level 4 of the Dungeon.
You visited 1 branch of the dungeon, and saw 4 of its levels.

You collected 90 gold pieces.

Inventory:

Hand Weapons
 a - a +0 war axe (weapon)
Armour
 b - a +0 scale mail (worn)
 c - a +0 kite shield (worn)
Jewellery
 d - a ring of wizardry
 e - a ring of wizardry
 l - an amulet of faith (around neck)
Scrolls
 f - 2 scrolls of enchant armour
 k - a scroll of identify
Potions
 g - 2 potions of attraction {unknown}
 h - a potion of curing {unknown}
 i - a potion of ambrosia {unknown}


   Skills:
 + Level 4.0 Fighting
 * Level 3.7 Axes
 + Level 3.7 Armour
 + Level 2.1 Dodging
 + Level 3.5 Shields


You had 5 spell levels left.
You didn't know any spells.
Your spell library contained the following spells:

 Spells                   Type           Power      Damage    Failure   Level
 Magic Dart               Conj           0%         1d3       99%         1
 Ensorcelled Hibernation  Hex/Ice        0%         N/A       100%        2
 Searing Ray              Conj           0%         3d3       100%        2
 Dazzling Flash           Conj/Hex       0%         N/A       100%        3
 Spider Form              Tmut/Pois      0%         N/A       100%        3
 Fulminant Prism          Conj/Hex       0%         3d6       100%        4
 Agony                    Necr           0%         N/A       100%        5
 Silence                  Hex/Air        0%         N/A       100%        5
 Shadow Creatures         Summ           N/A        N/A       100%        6


Dungeon Overview and Level Annotations

Branches:
Dungeon (4/15)
 Temple: D:4-7

Altars:
Makhleb
Uskayaw

Shops:
D:3 :


Innate Abilities, Weirdness & Mutations

You have a pair of antennae on your head.
You regenerate magic rapidly.


Message History

You block the orc's attack.
The quokka bites you but does no damage.
Things that are here:
a +0 hand axe; an orc corpse Unknown command.
Unknown command.
You are too injured to fight recklessly!
You are too injured to fight recklessly!
Unknown command.
You are too injured to fight recklessly!
Unknown command.
There are monsters nearby!
You are too injured to fight recklessly!
You hit the orc but do no damage.
The orc is lightly wounded.
You barely miss the quokka. The orc closely misses you.
The quokka barely misses you. The orc hits you but does no damage.
You block the quokka's attack.
The orc hits you from afar with a +0 trident.
Your scale mail prevents you from hitting the quokka.
You barely miss the orc. You block the quokka's attack.
The orc hits you but does no damage. x2
The quokka bites you but does no damage.
You block the orc's attack.
You slash the orc!
You kill the orc!
You closely miss the quokka. You block the quokka's attack.
The orc hits you from afar with a +0 trident.
* * * LOW HITPOINT WARNING * * *
The quokka bites you.
* * * LOW HITPOINT WARNING * * *
The orc hits you from afar with a +0 trident!
* * * LOW HITPOINT WARNING * * *
You barely miss the quokka. You block the quokka's attack.
The orc barely misses you. You block the quokka's attack.
You hit the quokka.
You kill the quokka!
You block the orc's attack.
The orc hits you from afar with a +0 trident.
You die...

#.##.##.##........##.#...#.#
#.......##........##.##.##.#
####.##.##...........##.##.#
#.##.##.#########.......#
#.......# ####.####
####.#### #.# #.# #.#
#.######### #.# #.#.)@.o..#
..# #....†.##.# ###
###.##...... #.# ###.## #.#
# #.. ###


You could see an orc.

Vanquished Creatures
  A centaur (D:4)
  A water moccasin skeleton (D:4)
  An orc priest (D:4)
  A hound (D:4)
  Jessica (D:2)
  3 adders
  A white imp (D:3)
  2 worms
  3 dart slugs (D:3)
  6 orcs
  8 ball pythons
  6 endoplasms
  17 giant cockroaches
  5 goblins
  6 hobgoblins
  7 jackals
  3 kobolds
  2 quokkas
  7 bats
  2 frilled lizards
  4 rats
87 creatures vanquished.

Notes
Turn   | Place    | Note
-------+----------+-------------------------------------------
     0 | D:1      | Sin92 the Demonspawn Fighter began the quest for the Orb.
     0 | D:1      | Reached XP level 1. HP: 18/18 MP: 1/1
   461 | D:1      | Gained mutation: You regenerate magic rapidly. [demonic
                  | ancestry]
   461 | D:1      | Reached XP level 2. HP: 24/24 MP: 2/2
  1103 | D:2      | Gained mutation: You have a pair of small antennae on your
                  | head. [demonic ancestry]
  1103 | D:2      | Reached XP level 3. HP: 28/29 MP: 3/3
  1278 | D:2      | Reached skill level 1 in Dodging
  1561 | D:2      | Noticed Jessica
  1565 | D:2      | Killed Jessica
  1566 | D:2      | Gained mutation: You have a pair of antennae on your head.
                  | [demonic ancestry]
  1566 | D:2      | Reached XP level 4. HP: 25/35 MP: 4/4
  2412 | D:3      | Found Ecesegg's Book Shop.
  2603 | D:3      | Reached XP level 5. HP: 41/41 MP: 5/5
  2747 | D:3      | Found a burning altar of Makhleb.
  2747 | D:3      | Noticed a green death
  2780 | D:3      | Found a faded altar of an unknown god.
  2932 | D:3      | Found a hide-covered altar of Uskayaw.
  3268 | D:4      | Noticed a centaur
  3281 | D:4      | Killed a centaur
  3282 | D:4      | Reached XP level 6. HP: 19/48 MP: 6/6
  3736 | D:4      | Reached skill level 4 in Fighting
  3739 | D:4      | HP: 2/48 [orc (7)]
  3741 | D:4      | Slain by an orc

Illustrated notes

Levels and vault maps discovered:
D:1:      sevenhm_arrival_forest_fort_large_4, layout_basic
D:2:      layout_loops_ring, uniq_jessica
D:3:      minmay_roachtagon, layout_basic, makhleb_altar_promises_db,
          nicolae_overflow_hidden_temple, serial_shops,
          nicolae_shop_statue_plus, shapermc_ecumenical_altar_mp_urbaneastern,
          corexii_leaking_fountain, st_stairs_4
D:4:      layout_loops_cross

Skill      XL: |  1  2  3  4  5  6 |
---------------+-------------------+-----
Axes           | 2 3 |  3.7
Armour         | 3 |  3.7
Dodging        | 1 2 |  2.1
Shields        | 3 |  3.5
Fighting       | 4 |  4.0

Action                   |  1- 3 |  4- 6 || total
-------------------------+-------+-------++-------
Melee: War axe           |    91 |   143 ||   234
  Use: Scroll            |       |     5 ||     5
       Potion            |       |     1 ||     1
Armor: Scale mail        |    57 |    76 ||   133
Dodge: Dodged            |    41 |    66 ||   107
Block: Kite shield       |    51 |    91 ||   142

Table legend: (Time is in decaauts)
 A = Elapsed time spent in this place.
 B = Non-inter-level travel time spent in this place.
 C = Inter-level travel time spent in this place.
 D = Time resting spent in this place.
 E = Time spent auto-exploring this place.
 F = Levels seen in this place.
 G = Mean time per level.
                   A        B        C        D        E       F      G
               +--------+--------+--------+--------+--------+-----+--------+
         Total |   3883 |   3746 |    137 |    131 |   2985 |   4 |  970.8 |
       Dungeon |   3883 |   3746 |    137 |    131 |   2985 |   4 |  970.8 |
               +--------+--------+--------+--------+--------+-----+--------+

Top non-repeatable levels by time:
     D:3: 1188 daAuts
     D:2: 1062 daAuts
     D:1: 990 daAuts
     D:4: 643 daAuts
